Map: Frozen Temple

Players

Miszu - Winner!

  • Race: Terran Terran
  • League: Master

Marsman

  • Race: Protoss Protoss
  • League: Grandmaster

VOD

Have the link to the VOD?

Description

Time

  • Played on: April 6, 2016, 2:46 p.m.
  • Length: 9:00
Show
View Real Time Build Order
Export as new Build Order

Miszu Terran - Winner!

Build Orders: 1/1/1, Liberator Opening 

Get SALT Encoding   

  12  0:00  SCV  
  13  0:12  SCV  
  14  0:17  Supply Depot  
  14  0:25  SCV  
  15  0:34  Refinery  
  15  0:39  SCV  
  16  0:44  Barracks  
  16  0:51  SCV  
  17  1:03  SCV  
  18  1:19  SCV  
  19  1:33  Marine  
  19  1:34  Factory, Orbital Command  
  20  1:40  Supply Depot  
  20  1:51  Marine  
  21  1:59  SCV  
  22  2:09  Marine  
  22  2:15  SCV  
  24  2:17  Supply Depot  
  24  2:19  Hellion  
  24  2:21  Starport  
  26  2:27  Marine, SCV  
  28  2:35  Refinery  
  28  2:39  SCV  
  28  2:40  Hellion  
  31  2:44  Marine  
  33  2:51  SCV  
  33  2:54  Supply Depot  
  33  2:58  Medivac  
  33  3:01  Hellion  
  33  3:02  Marine  
  33  3:03  SCV  
  39  3:11  Liberator  
  39  3:12  Supply Depot  
  39  3:16  SCV  
  40  3:20  Marine  
  40  3:25  Factory Tech Lab  
  41  3:32  SCV  
  45  3:40  Barracks Reactor  
  45  3:45  SCV  
  46  3:58  Command Center  
  46  3:59  SCV  
  47  4:10  Siege Tank  
  45  4:31  SCV  
  46  4:43  SCV  
  46  4:47  Marine x2  
  46  4:48  Siege Tank  
  49  4:53  Barracks  
  49  4:54  Barracks  
  49  4:55  SCV  
  50  5:00  Starport Reactor  
  50  5:02  Supply Depot  
  50  5:07  Marine x2, SCV  
  54  5:15  Orbital Command  
  54  5:19  SCV  
  54  5:32  SCV  
  54  5:35  Marine  
  56  5:39  Engineering Bay  
  56  5:42  SCV  
  57  5:44  SCV  
  54  5:51  Barracks Tech Lab x2  
  54  5:54  Marine, SCV  
  54  5:56  Medivac x2, SCV  
  61  6:01  Refinery  
  64  6:06  Bunker, SCV  
  64  6:08  SCV  
  63  6:12  Marauder, Combat Shields  
  63  6:13  Marauder  
  63  6:14  Terran Infantry Weapons Level 1  
  63  6:17  Missile Turret  
  63  6:18  SCV  
  68  6:20  SCV  
  69  6:26  Barracks  
  69  6:28  Barracks  
  70  6:33  Marauder, SCV  
  73  6:41  Refinery  
  73  6:42  Marine, Marauder  
  73  6:43  Marine  
  73  6:45  Liberator  
  76  6:54  Marauder  
  78  7:02  Supply Depot, Marine  
  78  7:04  Marauder  
  78  7:07  Marine  
  83  7:15  Marine  
  83  7:22  Liberator  
  86  7:24  Marine  
  86  7:25  Marine  
  86  7:27  Marauder  
  86  7:29  Barracks Reactor  
  88  7:30  Barracks Tech Lab  
  88  7:33  Marine  
  88  7:41  Marine  
  88  7:42  Marine  
  93  7:49  Supply Depot  
  93  7:52  Supply Depot, Command Center  
  93  7:53  Liberator  
  93  8:04  Concussive Shells  
  93  8:09  Marine  
  93  8:10  Marine x2  
  93  8:11  Marauder  
  101  8:14  Marine, Marauder  
  101  8:18  Marauder  
  106  8:26  Marine  
  110  8:31  Marine  
Show
View Real Time Build Order
Export as new Build Order

Marsman Protoss 

Build Orders: 1 Gate Expand, Blink Stalkers 

Get SALT Encoding   

  12  0:02  Probe (Chrono Boost)  
  13  0:12  Probe (Chrono Boost)  
  14  0:18  Pylon  
  14  0:24  Probe (Chrono Boost)  
  15  0:36  Probe (Chrono Boost)  
  15  0:39  Gateway  
  16  0:46  Assimilator  
  16  0:47  Probe (Chrono Boost)  
  17  0:58  Probe (Chrono Boost)  
  18  1:08  Probe (Chrono Boost)  
  19  1:23  Nexus  
  19  1:33  Cybernetics Core  
  19  1:37  Probe (Chrono Boost)  
  20  1:43  Assimilator  
  20  1:50  Pylon  
  20  1:53  Probe (Chrono Boost)  
  21  2:03  Probe (Chrono Boost)  
  22  2:10  Adept (Chrono Boost), Warp Gate  
  22  2:15  Probe  
  25  2:27  Robotics Facility  
  25  2:28  Probe  
  26  2:35  Probe  
  27  2:41  Adept (Chrono Boost)  
  29  2:44  Probe  
  29  2:47  Probe  
  31  2:58  Probe (Chrono Boost)  
  31  2:59  Twilight Council  
  31  3:05  Probe (Chrono Boost)  
  33  3:10  Probe (Chrono Boost)  
  34  3:14  Probe (Chrono Boost)  
  34  3:15  Observer (Chrono Boost)  
  36  3:21  Gateway  
  36  3:22  Probe  
  36  3:24  Probe  
  38  3:28  Gateway  
  38  3:34  Probe  
  38  3:38  Blink (Chrono Boost)  
  38  3:39  Mothership Core  
  41  3:50  Probe  
  41  3:51  Pylon  
  42  3:59  Pylon, Probe  
  42  4:00  Observer  
  44  4:13  Assimilator  
  44  4:14  Assimilator  
  42  4:18  Stalker  
  39  4:31  Probe  
  39  4:34  Stalker  
  40  4:42  Probe  
  40  4:43  Probe  
  41  4:52  Probe  
  40  4:55  Probe (Chrono Boost)  
  42  5:04  Probe (Chrono Boost)  
  43  5:08  Probe (Chrono Boost)  
  43  5:12  Stalker x2  
  48  5:15  Probe (Chrono Boost)  
  48  5:17  Pylon  
  48  5:18  Probe (Chrono Boost)  
  49  5:34  Probe (Chrono Boost)  
  50  5:36  Stalker x2  
  50  5:37  Stalker, Pylon  
  54  5:49  Probe (Chrono Boost)  
  52  5:50  Probe (Chrono Boost)  
  53  6:04  Stalker x2  
  57  6:06  Stalker  
  57  6:08  Probe (Chrono Boost)  
  57  6:10  Probe (Chrono Boost)  
  62  6:18  Probe (Chrono Boost)  
  62  6:20  Probe (Chrono Boost)  
  62  6:21  Pylon  
  63  6:29  Probe (Chrono Boost)  
  63  6:31  Probe (Chrono Boost)  
  65  6:39  Probe (Chrono Boost)  
  66  6:43  Probe (Chrono Boost)  
  66  6:44  Stalker x2  
  66  6:46  Stalker  
  73  6:54  Probe (Chrono Boost)  
  74  7:05  Probe (Chrono Boost)  
  72  7:08  Probe (Chrono Boost)  
  72  7:12  Forge, Sentry  
  72  7:13  Sentry x2  
  78  7:28  Pylon  
  78  7:31  Pylon  
  78  7:32  Pylon  
  78  7:37  Probe (Chrono Boost)  
  78  7:43  Gateway  
  78  7:46  Gateway  
  78  7:47  Observer  
  79  7:54  Adept x3  
  84  7:58  Probe (Chrono Boost)  
  84  7:59  Probe (Chrono Boost)  
  83  8:10  Pylon  
  83  8:13  Pylon  
  83  8:16  Stalker x3  
  83  8:19  Probe (Chrono Boost)  
  85  8:39  Adept x3  
  85  8:40  Adept x2  
  95  8:47  Templar Archives  
Tags
 
Add a new tag
Caveats
  • Supply blocks, unpowered buildings, or Contaminate may cause inaccurate times.
  • Supply counts are checked every 10 seconds.